 Dungeon Crawl Stone Soup version 0.32-a0-672-gff75c0dad8 (webtiles) character file.

Game seed: 6195401968046835200

205 Kenran the Slasher (level 5, 0/41 HPs)
             Began as a Demigod Gladiator on Mar 10, 2024.
             Slain by Pikel
             ... wielding a +2 whip of flaming
              (1 damage)
             ... on level 4 of the Dungeon.
             The game lasted 00:03:51 (1971 turns).

Kenran the Slasher (Demigod Gladiator)              Turns: 1971, Time: 00:03:52

Health: 0/41       AC:  8    Str: 15    XL:     5   Next: 27%
Magic:  7/7        EV: 10    Int: 10    God:
Gold:   99         SH:  0    Dex: 19    Spells: 4/4 levels left

rFire   . . .        a - +0 long sword
rCold   . . .        (no shield)
rNeg    . . .        l - +0 scale mail
rPois   .            c - +0 helmet
rElec   .            (no cloak)
rCorr   .            o - +0 pair of gloves
SInv    .            (no boots)
Will    .....        (no amulet) Stlth
                     (no ring)
HPRegen 0.26/turn    (no ring)
MPRegen 0.10/turn

%: no passive effects
@: mighty
A: high MP 1, forlorn, divine attributes
a: no special abilities


You were on level 4 of the Dungeon.
You visited 1 branch of the dungeon, and saw 4 of its levels.

You collected 99 gold pieces.

Inventory:

Hand Weapons
 a - a +0 long sword (weapon)
Missiles
 d - 2 throwing nets (quivered)
 e - a javelin
Armour
 c - a +0 helmet (worn)
 l - a +0 scale mail (worn)
 o - a +0 pair of gloves (worn)
Scrolls
 g - a scroll of blinking {unknown}
 j - 2 scrolls of revelation {unknown}
 k - a scroll of immolation {unknown}
 m - a scroll of amnesia {unknown}
 n - a scroll of poison {unknown}
Potions
 b - a potion of magic
 f - a potion of attraction {!q}
 h - a potion of enlightenment


   Skills:
 - Level 1.7 Fighting
 + Level 5.7 Long Blades
 - Level 1.7 Throwing
 - Level 2.6 Dodging


You had 4 spell levels left.
You didn't know any spells.
Your spell library contained the following spells:

 Spells                   Type           Power      Damage    Failure   Level
 Ensorcelled Hibernation  Hex/Ice        0%         N/A       94%         2
 Scorch                   Fire           0%         2d5       94%         2
 Passwall                 Erth           0%         N/A       99%         3
 Swiftness                Air            0%         N/A       99%         3
 Flame Wave               Conj/Fire      0%         2d4       100%        4
 Summon Cactus Giant      Summ           0%         N/A       100%        6


Dungeon Overview and Level Annotations

Branches:
Dungeon (3/15)

Shops:
D:4 :

Annotations:
D:4 Pikel


Innate Abilities, Weirdness & Mutations

You have an increased reservoir of magic. (+10% MP)
You shall have no god before yourself.
Your divine heritage dramatically boosts your attributes as you level up.


Message History

The lemure is severely wounded.
The lemure misses you.
You slash the lemure!
You kill the lemure!
That felt strangely unrewarding.
The lemure barely misses you.
You closely miss the lemure.
The lemure is almost dead.
The lemure hits you but does no damage.
You slash the lemure!
You kill the lemure!
That felt strangely unrewarding.
You slash the lemure!
The lemure is heavily wounded.
The lemure barely misses you.
You completely miss the lemure.
The lemure is heavily wounded.
The lemure hits you but does no damage.
You slash the lemure!
The lemure is almost dead.
The lemure hits you.
You slash the lemure!
You kill the lemure!
That felt strangely unrewarding.
You slash the lemure!
The lemure is heavily wounded.
The lemure barely misses you.
You slash the lemure!
You kill the lemure!
That felt strangely unrewarding.
Pikel cracks his whip.
Pikel hits you with a +2 whip of flaming.
* * * LOW HITPOINT WARNING * * *
Pikel burns you.
* * * LOW HITPOINT WARNING * * *
You barely miss Pikel.
Pikel hits you with a +2 whip of flaming!
* * * LOW HITPOINT WARNING * * *
Pikel burns you.
You die...
Pikel says, "Another soul for the market."

#...........#
#####.######..##
######## ##.....#
#.##
......K###.#.##.#
#.#
....5...5.###...#
#.#
#######5##.#.##.##
#.# #.###.###..# #.#
##.# #.# ##K# #.#
... #.# #@# ##.#
##.. #.####.# #..#
...##...†..# #.##
##.######..# #.#
.#.##.....w.>.####.#
...................#
.......S≣....#######
≣......≣≣≣...#
....... ≣....#


You could see Pikel.

Vanquished Creatures
  4 lemures (D:4)
  A hound (D:4)
  An orc priest (D:1)
  Robin (D:2)
  A gnoll (D:1)
  4 adders
  A dart slug (D:2)
  2 ribbon worms
  3 orcs (D:2)
  6 ball pythons
  10 endoplasms
  4 giant cockroaches
  15 goblins
  8 hobgoblins
  2 quokkas
  4 bats
  5 frilled lizards
  7 kobolds
  2 rats
81 creatures vanquished.

Notes
Turn   | Place    | Note
-------+----------+-------------------------------------------
     0 | D:1      | Kenran the Demigod Gladiator began the quest for the Orb.
     0 | D:1      | Reached XP level 1. HP: 17/17 MP: 3/3
    35 | D:1      | Reached skill level 3 in Long Blades
   136 | D:1      | Reached XP level 2. HP: 16/24 MP: 4/4
   285 | D:1      | Reached XP level 3. HP: 29/29 MP: 5/5
   418 | D:1      | Reached skill level 4 in Long Blades
   831 | D:1      | Reached XP level 4. HP: 12/36 MP: 6/6
  1236 | D:2      | Reached skill level 5 in Long Blades
  1454 | D:2      | Noticed Robin
  1488 | D:2      | Killed Robin
  1700 | D:3      | You fall into a shaft and drop 1 floor!
  1732 | D:4      | Reached XP level 5. HP: 37/41 MP: 7/7
  1834 | D:4      | Found Fiegom's Book Shoppe.
  1929 | D:4      | Noticed Pikel
  1971 | D:4      | HP: 1/41 [Pikel/+2 whip of flaming (8)]
  1971 | D:4      | Slain by Pikel

Illustrated notes

Levels and vault maps discovered:
D:1:      nzn_arrival_depleted_hourglass, layout_rooms, minmay_pentomino_t2
D:2:      layout_basic, uniq_robin
D:3:      layout_rooms
D:4:      layout_loops_ring, lemuel_doored_altar, old_standard_altar,
          nicolae_elyvilon_temple_path, mainiacjoe_overflow_chevrons,
          serial_shops, shop, minmay_misc_feat_pillars, nicolae_half_adder,
          uniq_pikel, uniq_blork_the_orc, uniq_menkaure

Skill      XL: |  1  2  3  4 |
---------------+-------------+-----
Long Blades    | 3 4 5 |  5.7
Fighting       | |  1.7
Throwing       | |  1.7
Dodging        | |  2.6

Action                     |  1- 3 |  4- 6 || total
---------------------------+-------+-------++-------
  Melee: Long sword        |    91 |   114 ||   205
  Throw: Throwing net      |     1 |       ||     1
    Use: Potion            |       |     7 ||     7
 Armour: Leather armour    |    46 |     7 ||    53
         Scale mail        |       |    98 ||    98
         Skin              |       |    18 ||    18
  Dodge: Dodged            |    53 |    47 ||   100

Table legend: (Time is in decaauts)
 A = Elapsed time spent in this place.
 B = Non-inter-level travel time spent in this place.
 C = Inter-level travel time spent in this place.
 D = Time resting spent in this place.
 E = Time spent auto-exploring this place.
 F = Levels seen in this place.
 G = Mean time per level.
                   A        B        C        D        E       F      G
               +--------+--------+--------+--------+--------+-----+--------+
         Total |   2008 |   1949 |     59 |    256 |   1105 |   4 |  502.0 |
       Dungeon |   2008 |   1949 |     59 |    256 |   1105 |   4 |  502.0 |
               +--------+--------+--------+--------+--------+-----+--------+

Top non-repeatable levels by time:
     D:2: 840 daAuts
     D:1: 820 daAuts
     D:4: 276 daAuts
     D:3: 70 daAuts
